 Dungeon Crawl Stone Soup version 0.31-a0-177-g4aa6249778 (webtiles) character file.

Game seed: 14336730280392618300

1038 qw the Skirmisher (level 8, -3/74 HPs)
             Began as a Naga Hunter on June 18, 2023.
             Slain by a gnoll
             ... wielding a +0 halberd
              (11 damage)
             ... on level 5 of the Dungeon.
             The game lasted 00:01:32 (3897 turns).

qw the Skirmisher (Naga Hunter)                     Turns: 3897, Time: 00:01:32

Health: -3/74      AC:  4    Str: 14    XL:     8   Next: 24%
Magic:  8/8        EV: 10    Int: 10    God:
Gold:   180        SH:  0    Dex: 22    Spells: 7/7 levels left

rFire   . . .        Y - +0 shortbow
rCold   + . .        (shield currently unavailable)
rNeg    . . .        c - +0 leather armour
rPois   +            (no helmet)
rElec   .            (no cloak)
rCorr   .            (no gloves)
SInv    +            (no barding)
Will    +....        (no amulet)
Stlth   ++           h - +6 ring of dexterity
HPRegen 0.32/turn    i - ring of protection from cold
MPRegen 0.11/turn

%: no passive effects
@: very slow
A: AC +2, large, see invisible, deformed body, poison resistance, slowness 2,
spit poison 1, naga tail 1
a: Spit Poison


You were on level 5 of the Dungeon.
You visited 2 branches of the dungeon, and saw 6 of its levels.

You collected 180 gold pieces.


Innate Abilities, Weirdness & Mutations

Your serpentine skin is tough. (AC +2)
You have supernaturally acute eyesight. (SInv)
Armour fits poorly on your strangely shaped body.
Your system is resistant to poisons. (rPois)
You cover ground very slowly.
You can spit poison.
You have a snake-like lower body.


   Skills:
 - Level 5.0 Fighting
 - Level 8.0 Ranged Weapons
 + Level 2.5 Dodging
 - Level 1.5 Stealth


You had 7 spell levels left.
You didn't know any spells.
Your spell library was empty.

Inventory:

Hand Weapons
 Y - a +0 shortbow (weapon)
Armour
 c - a +0 leather armour (worn)
Jewellery
 h - a +6 ring of dexterity (left hand)
 i - a ring of protection from cold (right hand)
Scrolls
 b - a scroll of identify
 k - a scroll of brand weapon {unknown}
 l - a scroll of torment {unknown}
Potions
 a - a potion of mutation
 d - a potion of magic {unknown}
 e - a potion of brilliance {unknown}
 f - a potion of might {unknown}
 g - 2 potions of curing
 j - a potion of lignification {unknown}

Dungeon Overview and Level Annotations

Branches:
Dungeon (5/15)             Temple (1/1) D:5

Altars:
Ashenzari
Cheibriados
Dithmenos
Fedhas
Gozag
Hepliaklqana
Kikubaaqudgha
Makhleb
Nemelex Xobeh
Qazlal
Ru
Sif Muna
Trog
Uskayaw
Vehumet
Wu Jian
Xom
The Shining One

Shops:
D:1 =[   D:3 (


Message History

You shoot an arrow. The arrow hits the gnoll.
The gnoll is lightly wounded.
The gnoll hits you with a +0 club.
The gnoll hits you from afar with a +0 halberd.
The gnoll sergeant hits you from afar with a +0 spear!
You shoot an arrow. The arrow hits the gnoll!
The gnoll is almost dead.
The gnoll hits you with a +0 club.
The gnoll hits you from afar with a +0 halberd.
The gnoll sergeant hits you from afar with a +0 spear!
You shoot an arrow. The arrow hits the gnoll!
You kill the gnoll!
The gnoll sergeant barely misses you.
The gnoll hits you from afar with a +0 halberd!
You shoot an arrow. The arrow hits the gnoll.
You kill the gnoll!
You have got your breath back.
The gnoll closely misses you.
The gnoll sergeant hits you from afar with a +0 spear!
3895 ||| INVOKING Spit Poison.
Aiming: Spit Poison (1% risk of failure)
Press: ? - help, Shift-Dir - straight line, f - gnoll sergeant The splash of poison hits the gnoll sergeant.
The gnoll sergeant is poisoned.
The gnoll sergeant is lightly wounded.
The gnoll barely misses you.
The gnoll sergeant hits you but does no damage.
You shoot an arrow. The arrow closely misses the gnoll.
The arrow hits the gnoll but does no damage.
The gnoll hits you with a +0 whip.
The gnoll sergeant hits you from afar with a +0 spear.
The gnoll closely misses you.
You shoot an arrow. The arrow hits the gnoll.
The gnoll is moderately wounded.
You have got your breath back.
The gnoll hits you with a +0 whip!
The gnoll hits you from afar with a +1 spear of flaming.
The gnoll burns you.
The gnoll hits you from afar with a +0 halberd!
You die... ....###...# #. ##..####### ........! #. #.......# ..7.... #. ..#####.# 7)..7.7 #####. >## #.# ..... ### ###..... ## #.# 7...7 ##.###...#### #.# ggg ##......### #.###### 7g7

#...##.##
#....).##7@7##..###..#
#########.)).%##.##...####.#
..........###.)......~~~~~:#
########### #........~###~.#
#........~~~~~.#
#........~~#~~.#
#........~~# ~##
##.......~~# # ##......~~~~


You could see a gnoll sergeant (poisoned) and 3 gnolls.

Vanquished Creatures
  A water moccasin (D:5)
  A black bear (D:5)
  An ogre (D:4)
  A phantom (D:5)
  A scorpion (D:4)
  A howler monkey (D:3)
  4 hounds
  An orc priest (D:5)
  2 iguanas (D:4)
  3 orc wizards
  A sleepcap (D:5)
  11 gnolls
  6 adders
  A white imp (D:5)
  3 worms
  A dart slug (D:1)
  11 orcs
  9 endoplasms
  4 giant cockroaches
  5 goblins
  5 hobgoblins
  10 jackals
  5 quokkas
  7 ball pythons
  4 bats
  3 frilled lizards
  8 kobolds
  4 rats
114 creatures vanquished.

Notes
Turn   | Place    | Note
-------+----------+-------------------------------------------
     0 | D:1      | qw the Naga Hunter began the quest for the Orb.
     0 | D:1      | Reached XP level 1. HP: 19/19 MP: 1/1
     0 | D:1      | 0 ||| qw: Version: 0.3-a-7-ge0c9b40
     0 | D:1      | 0 ||| qw: Game counter: 784
     0 | D:1      | 0 ||| qw: Always use a shield: true
     0 | D:1      | 0 ||| qw: God list: Okawaru
     0 | D:1      | 0 ||| qw: Allow faded altars: false
     0 | D:1      | 0 ||| qw: Do Orc after D:15 true
     0 | D:1      | 0 ||| qw: Do second Lair branch before Depths: true
     0 | D:1      | 0 ||| qw: Lair rune preference: random
     0 | D:1      | 0 ||| qw: Plans: Normal
     0 | D:1      | 0 ||| PLANNING D:1-11
    30 | D:1      | 30 ||| INVOKING Spit Poison.
    66 | D:1      | 66 ||| INVOKING Spit Poison.
   137 | D:1      | Reached skill level 4 in Ranged Weapons
   137 | D:1      | Reached XP level 2. HP: 26/26 MP: 2/2
   137 | D:1      | 137 ||| INVOKING Spit Poison.
   153 | D:1      | 153 ||| INVOKING Spit Poison.
   286 | D:1      | 286 ||| INVOKING Spit Poison.
   291 | D:1      | 291 ||| INVOKING Spit Poison.
   315 | D:1      | 315 ||| INVOKING Spit Poison.
   360 | D:1      | 360 ||| INVOKING Spit Poison.
   366 | D:1      | Found Pac Irink's Jewellery Shoppe.
   374 | D:1      | 374 ||| SHOPLISTING amulet "Daza" {Faith Rampage} (470
                  | gold, have 30).
   374 | D:1      | 374 ||| SHOPLISTING amulet "Mugud" {Reflect Fly Str+3 Int-3
                  | SH+5} (391 gold, have 30).
   374 | D:1      | 374 ||| SHOPLISTING amulet of regeneration (300 gold, have
                  | 30).
   374 | D:1      | 374 ||| SHOPLISTING ring of protection from cold (250 gold,
                  | have 30).
   374 | D:1      | 374 ||| SHOPLISTING ring of resist corrosion (200 gold,
                  | have 30).
   409 | D:1      | 409 ||| INVOKING Spit Poison.
   419 | D:1      | 419 ||| INVOKING Spit Poison.
   425 | D:1      | 425 ||| INVOKING Spit Poison.
   456 | D:1      | 456 ||| INVOKING Spit Poison.
   478 | D:1      | 478 ||| INVOKING Spit Poison.
   481 | D:1      | Reached XP level 3. HP: 32/32 MP: 3/3
   506 | D:1      | Found Fihuajof's Antique Armour Shoppe.
   511 | D:1      | 511 ||| SHOPLISTING +0 pair of fencer's gloves {Riposte
                  | Dex+3} (1080 gold, have 44).
   511 | D:1      | 511 ||| SHOPLISTING cloak (121 gold, have 44).
   561 | D:1      | 561 ||| INVOKING Spit Poison.
   576 | D:1      | 576 ||| INVOKING Spit Poison.
   736 | D:1      | 736 ||| INVOKING Spit Poison.
   779 | D:1      | 779 ||| INVOKING Spit Poison.
   886 | D:1      | 886 ||| INVOKING Spit Poison.
   887 | D:1      | 887 ||| INVOKING Spit Poison.
   915 | D:1      | 915 ||| READING scroll labelled DINA MINGYTA.
   916 | D:1      | 916 ||| READING scroll labelled ZEYBAO WABITH.
   917 | D:1      | 917 ||| READING scroll labelled ASITUKIAGI.
   918 | D:1      | 918 ||| DROPPING scroll of butterflies.
   968 | D:2      | 968 ||| INVOKING Spit Poison.
   993 | D:2      | 993 ||| INVOKING Spit Poison.
  1065 | D:2      | 1065 ||| INVOKING Spit Poison.
  1106 | D:2      | Found a sparkling altar of Nemelex Xobeh.
  1150 | D:2      | 1150 ||| INVOKING Spit Poison.
  1196 | D:2      | 1196 ||| INVOKING Spit Poison.
  1201 | D:2      | 1201 ||| INVOKING Spit Poison.
  1212 | D:2      | 1212 ||| INVOKING Spit Poison.
  1238 | D:2      | Reached skill level 5 in Ranged Weapons
  1239 | D:2      | 1239 ||| INVOKING Spit Poison.
  1245 | D:2      | 1245 ||| INVOKING Spit Poison.
  1249 | D:2      | Reached XP level 4. HP: 18/39 MP: 4/4
  1362 | D:2      | 1362 ||| INVOKING Spit Poison.
  1365 | D:2      | 1365 ||| INVOKING Spit Poison.
  1371 | D:2      | 1371 ||| INVOKING Spit Poison.
  1378 | D:2      | 1378 ||| FLEEEEING.
  1379 | D:2      | 1379 ||| FLEEEEING.
  1389 | D:2      | 1389 ||| STAIRDANCE
  1437 | D:1      | 1437 ||| DRINKING 2 yellow potions.
  1462 | D:2      | 1462 ||| INVOKING Spit Poison.
  1553 | D:2      | 1553 ||| INVOKING Spit Poison.
  1609 | D:2      | Identified the +2 pair of boots "Dedghe Vamn" {rCorr MP-9
                  | Stlth+}
  1692 | D:2      | 1692 ||| INVOKING Spit Poison.
  1751 | D:3      | 1751 ||| INVOKING Spit Poison.
  1774 | D:3      | 1774 ||| INVOKING Spit Poison.
  1780 | D:3      | Reached skill level 3 in Fighting
  1780 | D:3      | Reached XP level 5. HP: 44/49 MP: 5/5
  1854 | D:3      | Found a faded altar of an unknown god.
  1862 | D:3      | Found Adaqewka's Weapon Emporium.
  1865 | D:3      | 1865 ||| INVOKING Spit Poison.
  1871 | D:3      | 1871 ||| INVOKING Spit Poison.
  1878 | D:3      | 1878 ||| INVOKING Spit Poison.
  1881 | D:3      | 1881 ||| INVOKING Spit Poison.
  1889 | D:3      | 1889 ||| INVOKING Spit Poison.
  2005 | D:3      | 2005 ||| INVOKING Spit Poison.
  2010 | D:3      | 2010 ||| INVOKING Spit Poison.
  2024 | D:3      | 2024 ||| INVOKING Spit Poison.
  2041 | D:3      | 2041 ||| INVOKING Spit Poison.
  2050 | D:3      | Found a blossoming altar of Fedhas.
  2119 | D:3      | 2119 ||| INVOKING Spit Poison.
  2154 | D:3      | 2154 ||| INVOKING Spit Poison.
  2377 | D:3      | 2377 ||| INVOKING Spit Poison.
  2391 | D:3      | 2391 ||| UPGRADING to +6 ring of dexterity.
  2392 | D:3      | 2392 ||| DRINKING 2 pink potions.
  2393 | D:3      | 2393 ||| DROPPING potion of attraction.
  2453 | D:4      | 2453 ||| INVOKING Spit Poison.
  2457 | D:4      | 2457 ||| INVOKING Spit Poison.
  2491 | D:4      | 2491 ||| INVOKING Spit Poison.
  2492 | D:4      | Reached XP level 6. HP: 56/56 MP: 6/6
  2503 | D:4      | 2503 ||| INVOKING Spit Poison.
  2507 | D:4      | 2507 ||| INVOKING Spit Poison.
  2515 | D:4      | 2515 ||| INVOKING Spit Poison.
  2553 | D:4      | 2553 ||| INVOKING Spit Poison.
  2558 | D:4      | 2558 ||| INVOKING Spit Poison.
  2573 | D:4      | 2573 ||| INVOKING Spit Poison.
  2579 | D:4      | 2579 ||| INVOKING Spit Poison.
  2582 | D:4      | 2582 ||| INVOKING Spit Poison.
  2583 | D:4      | Reached skill level 6 in Ranged Weapons
  2636 | D:4      | 2636 ||| INVOKING Spit Poison.
  2637 | D:4      | 2637 ||| INVOKING Spit Poison.
  2645 | D:4      | 2645 ||| INVOKING Spit Poison.
  2648 | D:4      | 2648 ||| INVOKING Spit Poison.
  2651 | D:4      | 2651 ||| INVOKING Spit Poison.
  2657 | D:4      | 2657 ||| INVOKING Spit Poison.
  2936 | D:4      | 2936 ||| INVOKING Spit Poison.
  2940 | D:4      | 2940 ||| INVOKING Spit Poison.
  2946 | D:4      | 2946 ||| INVOKING Spit Poison.
  2953 | D:4      | 2953 ||| INVOKING Spit Poison.
  2955 | D:4      | Reached XP level 7. HP: 58/64 MP: 7/7
  2984 | D:4      | 2984 ||| UPGRADING to ring of protection from cold.
  2985 | D:4      | 2985 ||| READING 2 scrolls of identify.
  2985 | D:4      | 2985 ||| IDENTIFYING amethyst potion
  3012 | D:5      | Entered Level 5 of the Dungeon
  3013 | D:5      | 3013 ||| INVOKING Spit Poison.
  3017 | D:5      | 3017 ||| STAIRDANCE
  3020 | D:4      | 3020 ||| INVOKING Spit Poison.
  3024 | D:4      | 3024 ||| INVOKING Spit Poison.
  3113 | D:5      | 3113 ||| STAIRDANCE
  3115 | D:4      | 3115 ||| INVOKING Spit Poison.
  3118 | D:4      | 3118 ||| INVOKING Spit Poison.
  3246 | D:5      | Found a staircase to the Ecumenical Temple.
  3247 | D:5      | 3247 ||| PLANNING TEMPLE
  3261 | Temple   | Entered the Ecumenical Temple
  3388 | Temple   | 3388 ||| PLANNING D:1-11
  3499 | D:5      | Reached skill level 7 in Ranged Weapons
  3628 | D:5      | 3628 ||| Stepping ~*~*~tactically~*~*~ (outnumbered).
  3630 | D:5      | 3630 ||| INVOKING Spit Poison.
  3631 | D:5      | 3631 ||| Stepping ~*~*~tactically~*~*~ (outnumbered).
  3632 | D:5      | 3632 ||| Stepping ~*~*~tactically~*~*~ (outnumbered).
  3634 | D:5      | 3634 ||| INVOKING Spit Poison.
  3638 | D:5      | 3638 ||| INVOKING Spit Poison.
  3644 | D:5      | 3644 ||| INVOKING Spit Poison.
  3717 | D:5      | 3717 ||| INVOKING Spit Poison.
  3723 | D:5      | 3723 ||| INVOKING Spit Poison.
  3724 | D:5      | Reached skill level 8 in Ranged Weapons
  3724 | D:5      | Reached XP level 8. HP: 61/72 MP: 8/8
  3770 | D:5      | 3770 ||| INVOKING Spit Poison.
  3807 | D:5      | 3807 ||| INVOKING Spit Poison.
  3813 | D:5      | 3813 ||| INVOKING Spit Poison.
  3820 | D:5      | 3820 ||| INVOKING Spit Poison.
  3880 | D:5      | 3880 ||| INVOKING Spit Poison.
  3884 | D:5      | 3884 ||| INVOKING Spit Poison.
  3889 | D:5      | 3889 ||| INVOKING Spit Poison.
  3895 | D:5      | 3895 ||| INVOKING Spit Poison.
  3896 | D:5      | HP: 18/74 [gnoll/+0 whip (3)]
  3897 | D:5      | HP: 8/74 [gnoll/+1 spear of flaming (1)]
  3897 | D:5      | Slain by a gnoll

Levels and vault maps discovered:
D:1:      dpeg_arrival_another_circle, layout_basic, serial_shops,
          nicolae_shop_hallway_stairs, shop, feat_on_display
D:2:      layout_loops_ring, basic_altar
D:3:      layout_loops_ring, marbit_many_paths,
          shapermc_ecumenical_altar_flowoftime, serial_shops,
          nicolae_shop_bloodbath_and_beyond
D:4:      layout_rooms
D:5:      layout_rooms, lemuel_zombie_altar_yredelemnul,
          minmay_temple_entry_slanted, minmay_crystal_water,
          pf_guarded_unrand_woodcutter
Temple:   minmay_crystal_spiral_temple

Skill      XL: |  1  2  3  4  5  6  7  8 |
---------------+-------------------------+-----
Ranged Weapons | 4 5 6 8 |  8.0
Fighting       | 3 4 5 |  5.0
Dodging        | 2 |  2.5
Stealth        | |  1.5

Action                     |  1- 3 |  4- 6 |  7- 9 || total
---------------------------+-------+-------+-------++-------
   Fire: Shortbow          |    67 |   115 |    78 ||   260
Ability: Spit Poison       |    27 |    40 |    19 ||    86
    Use: Scroll            |     3 |       |     1 ||     4
         Potion            |       |     2 |       ||     2
 Armour: Leather armour    |     4 |     8 |     8 ||    20
  Dodge: Dodged            |    14 |    25 |    23 ||    62

Table legend:
 A = Non-vault XP
 B = Vault XP
 C = Vault XP percentage of total XP
 D = Non-vault monster count
 E = Vault monster count
 F = Vault count percentage of total count
                 A         B        C        D         E       F
            +---------+---------+-------+---------+---------+-------
      Total |    1338 |     146 |   9.8 |     106 |       8 |   7.0
            +---------+---------+-------+---------+---------+-------
        D:1 |      46 |       0 |   0.0 |      26 |       0 |   0.0
        D:2 |      68 |       0 |   0.0 |      22 |       0 |   0.0
        D:3 |     153 |      45 |  22.7 |      21 |       1 |   4.5
        D:4 |     466 |       0 |   0.0 |      24 |       0 |   0.0
        D:5 |     605 |     101 |  14.3 |      13 |       7 |  35.0
            +---------+---------+-------+---------+---------+-------
